Map: Opérations galactiques EC

Players

Worming

  • Race: Zerg Zerg
  • League: Diamond

DeJoT - Winner!

  • Race: Zerg Zerg
  • League: Diamond

VOD

Have the link to the VOD?

Description

Time

  • Played on: Oct. 2, 2016, 5:24 a.m.
  • Length: 17:18
Show
View Real Time Build Order
Export as new Build Order

Worming Zerg 

Build Orders: Hatch First, Muta Ling Bane 

Get SALT Encoding   

  12  0:01  Drone  
  13  0:13  Overlord  
  13  0:17  Drone  
  14  0:32  Drone x2  
  14  0:35  Drone  
  17  0:53  Hatchery  
  17  0:56  Drone  
  17  0:59  Drone  
  17  1:01  Extractor  
  17  1:15  Spawning Pool  
  17  1:17  Drone  
  17  1:28  Drone  
  18  1:37  Drone  
  19  1:47  Drone  
  20  1:54  Overlord  
  20  2:01  Metabolic Boost  
  20  2:03  Queen  
  20  2:05  Queen  
  24  2:09  Zergling x2  
  24  2:13  Zergling x2  
  26  2:18  Drone  
  26  2:20  Drone  
  28  2:28  Drone  
  28  2:29  Drone  
  30  2:44  Drone x3  
  32  2:48  Overlord  
  33  3:01  Drone x2  
  35  3:18  Drone x8  
  41  3:22  Roach Warren  
  40  3:27  Zergling x2, Spine Crawler  
  40  3:28  Zergling x2  
  40  3:29  Spine Crawler  
  40  3:32  Queen  
  42  3:40  Extractor  
  30  4:00  Queen  
  32  4:03  Drone x3  
  32  4:05  Drone x6  
  41  4:21  Lair  
  41  4:35  Extractor  
  41  4:37  Extractor  
  39  4:41  Hatchery  
  36  4:54  Zergling x16  
  42  5:02  Queen  
  44  5:22  Spire  
  44  5:28  Drone  
  44  5:29  Overlord x3  
  41  6:13  Drone x5  
  41  6:14  Drone, Overlord x2  
  43  6:32  Drone x2  
  44  6:34  Zerg Flyer Weapons Level 1, Mutalisk x4  
  44  6:37  Mutalisk  
  54  6:45  Hatchery, Mutalisk x2  
  57  6:55  Mutalisk x2  
  57  6:59  Drone  
  57  7:00  Drone  
  63  7:07  Mutalisk  
  63  7:08  Mutalisk  
  65  7:13  Mutalisk  
  69  7:17  Zergling x8  
  70  7:35  Mutalisk x3  
  58  7:53  Drone x7  
  62  8:04  Drone x3  
  65  8:20  Drone x3, Evolution Chamber  
  65  8:21  Evolution Chamber  
  64  9:05  Zerg Melee Weapons Level 1, Zerg Ground Armor Level 1  
  64  9:10  Baneling Nest, Drone x19  
  80  9:39  Queen x2  
  78  9:46  Drone  
  78  9:50  Drone x2  
  78  9:51  Drone  
  78  9:52  Overlord x3  
  82  9:53  Centrifical Hooks  
  82  10:05  Hatchery  
  81  10:08  Queen, Extractor  
  81  10:09  Extractor  
  81  10:13  Zergling x2  
  81  10:14  Zergling x2  
  83  10:15  Overlord  
  83  10:23  Infestation Pit, Zergling x12  
  83  10:26  Overseer  
  86  10:41  Baneling x5  
  86  10:42  Baneling x6  
  85  10:47  Zergling x10  
  85  10:48  Zergling x8  
  94  10:58  Zergling x12  
  66  11:39  Drone x8  
  74  11:40  Queen x2, Drone x3  
  80  11:49  Hatchery  
  79  12:05  Hive  
  79  12:06  Zerg Melee Weapons Level 2, Zerg Ground Armor Level 2  
  73  12:23  Zergling x20  
  73  12:24  Zergling x2  
  84  12:46  Baneling x2  
  84  12:47  Baneling x14  
  84  12:48  Zergling x16  
  92  13:02  Drone  
  92  13:05  Zergling x14  
  95  13:13  Baneling x3  
  95  13:14  Baneling x2  
  70  13:40  Drone x2  
  70  13:41  Drone x2  
  71  13:43  Drone x9  
  71  13:44  Drone x4  
  79  13:54  Ultralisk Cavern  
  77  14:05  Drone x5  
  77  14:06  Drone  
  83  14:16  Zergling x24  
  91  14:23  Extractor  
  90  14:35  Baneling x8  
  90  14:36  Baneling x5  
  90  14:37  Baneling x2  
  90  14:49  Chitinous Plating  
  91  14:52  Zergling x2  
  91  14:53  Zergling x20  
  91  14:55  Baneling x5  
  91  14:56  Baneling x2  
  101  15:00  Zergling x2  
  101  15:01  Zergling x2  
  103  15:09  Overlord x2  
  52  15:54  Ultralisk x3  
  52  15:55  Zergling x2  
  52  15:56  Zergling x14  
  64  16:27  Pneumatized Carapace  
  59  16:43  Mutalisk x4  
Show
View Real Time Build Order
Export as new Build Order

DeJoT Zerg - Winner!

Build Orders: Hatch First, Lurkers 

Get SALT Encoding   

  12  0:01  Drone  
  13  0:13  Overlord  
  13  0:20  Drone  
  14  0:32  Drone x2  
  16  0:38  Drone  
  17  0:58  Hatchery  
  17  1:02  Drone  
  17  1:05  Drone, Extractor  
  17  1:18  Spawning Pool  
  16  1:20  Drone  
  16  1:22  Drone  
  18  1:32  Overlord  
  18  1:40  Drone  
  19  1:52  Drone  
  20  2:05  Queen, Drone  
  23  2:10  Metabolic Boost  
  23  2:12  Queen  
  23  2:13  Drone  
  26  2:16  Drone  
  27  2:23  Drone x2  
  29  2:33  Overlord  
  29  2:39  Zergling x2  
  29  2:43  Zergling x2  
  31  2:51  Evolution Chamber  
  31  2:55  Zergling x4  
  31  2:56  Zergling x2  
  33  3:06  Drone x2  
  35  3:19  Drone x3, Zerg Ground Armor Level 1  
  39  3:20  Drone x2  
  40  3:29  Drone x4  
  44  3:48  Overlord, Hatchery  
  42  3:53  Zergling x6  
  42  3:55  Zergling x2  
  42  3:56  Zergling x2  
  42  4:02  Extractor  
  42  4:03  Extractor  
  42  4:05  Roach Warren  
  42  4:06  Zergling x4, Evolution Chamber  
  41  4:16  Lair  
  41  4:21  Drone x4  
  45  4:29  Drone  
  46  4:33  Drone x3  
  48  4:42  Drone x2  
  49  4:52  Drone x4  
  51  4:57  Drone  
  50  5:10  Drone x6  
  50  5:11  Queen  
  57  5:17  Overlord x2  
  57  5:20  Queen, Extractor  
  58  5:25  Extractor  
  58  5:26  Spore Crawler  
  58  5:27  Spine Crawler  
  58  5:28  Overlord x2, Extractor  
  55  5:30  Roach x2  
  55  5:34  Zerg Missile Weapons Level 1  
  58  5:35  Glial Reconstitution  
  58  5:38  Roach  
  60  5:45  Drone x4  
  64  5:54  Roach  
  64  5:55  Roach x3  
  72  6:02  Roach x3  
  74  6:07  Roach x2  
  76  6:11  Roach x2  
  76  6:17  Roach x2  
  76  6:18  Roach  
  86  6:23  Roach x2  
  90  6:34  Spine Crawler  
  90  6:39  Drone, Spine Crawler  
  89  6:40  Drone  
  89  6:41  Drone, Spine Crawler  
  89  6:43  Overlord x3  
  90  6:55  Overlord x3  
  90  7:02  Drone x6  
  98  7:08  Roach x2  
  98  7:13  Spore Crawler  
  98  7:14  Spine Crawler  
  98  7:15  Drone x2  
  96  7:28  Drone x4  
  96  7:34  Drone x2  
  96  7:37  Drone x3  
  89  7:48  Drone x3  
  88  7:51  Queen  
  88  7:52  Overlord  
  88  7:56  Spore Crawler  
  88  7:57  Spore Crawler  
  80  8:00  Hydralisk Den  
  80  8:02  Roach x2  
  80  8:03  Spore Crawler, Spine Crawler  
  80  8:04  Spore Crawler  
  76  8:06  Spore Crawler  
  76  8:07  Spore Crawler  
  76  8:09  Spore Crawler  
  73  8:13  Zerg Ground Armor Level 2  
  73  8:14  Zerg Missile Weapons Level 2  
  73  8:15  Roach x2  
  77  8:26  Roach  
  79  8:28  Spore Crawler, Hydralisk x4  
  79  8:29  Hydralisk  
  88  8:37  Hydralisk x3  
  94  8:42  Spore Crawler  
  94  8:44  Spore Crawler, Overseer  
  90  8:59  Hydralisk x2  
  88  9:04  Spore Crawler  
  88  9:07  Queen  
  88  9:08  Drone  
  90  9:10  Overlord x4  
  90  9:27  Overlord x2  
  88  9:38  Hydralisk x3  
  88  9:39  Hydralisk x8  
  98  9:56  Roach x2  
  102  10:00  Hatchery  
  102  10:01  Roach x3  
  102  10:03  Spore Crawler  
  106  10:07  Spore Crawler  
  106  10:09  Muscular Augments  
  105  10:16  Spore Crawler, Infestation Pit  
  103  10:22  Drone x2  
  103  10:23  Drone  
  103  10:25  Roach x3  
  103  10:26  Roach x3  
  118  10:32  Roach x3  
  124  10:39  Spore Crawler  
  124  10:41  Spore Crawler  
  122  10:47  Roach  
  122  10:48  Spore Crawler, Roach x3  
  129  11:03  Roach x3  
  135  11:16  Hydralisk x3  
  101  11:26  Hydralisk x2  
  101  11:27  Hydralisk x6  
  101  11:28  Hydralisk  
  101  11:31  Hydralisk  
  115  11:34  Hydralisk  
  109  11:46  Drone x5  
  108  11:47  Queen  
  108  11:54  Hydralisk x2  
  110  11:58  Zerg Melee Weapons Level 1  
  114  12:02  Pathogen Glands  
  114  12:06  Lurker Den  
  114  12:13  Infestor  
  114  12:14  Overlord x2  
  116  12:27  Drone x5  
  116  12:28  Drone  
  122  12:31  Extractor  
  122  12:33  Extractor  
  120  12:37  Drone x3, Evolution Chamber  
  120  12:38  Spine Crawler  
  120  12:43  Hive  
  121  12:44  Hydralisk x2  
  121  12:45  Hydralisk  
  121  12:50  Drone x2  
  129  12:59  Overlord  
  129  13:06  Roach x4  
  129  13:12  Roach x2  
  115  13:28  Hydralisk x5  
  115  13:29  Hydralisk  
  115  13:34  Hydralisk x6  
  119  13:40  Hydralisk x2  
  125  13:45  Hydralisk x2  
  121  13:53  Drone x3  
  121  13:54  Drone x3  
  121  13:55  Drone x3  
  128  14:04  Hydralisk x3  
  128  14:05  Hydralisk  
  136  14:36  Lurker x4  
  140  14:52  Roach x2  
  146  14:53  Roach x6  
  146  14:54  Overlord  
  146  14:57  Spine Crawler  
  146  14:58  Hatchery  
  146  14:59  Spore Crawler x2  
  152  15:00  Spine Crawler  
  152  15:01  Spore Crawler  
  152  15:02  Extractor x2  
  152  15:03  Spine Crawler  
  113  15:38  Hydralisk x5  
  116  15:54  Viper x3  
  125  15:58  Roach x8  
  125  16:04  Ultralisk Cavern  
  125  16:29  Hydralisk x6  
  125  16:30  Hydralisk x3  
  137  16:42  Hydralisk x2  
  133  17:11  Lurker  
Tags
 
Add a new tag
Caveats
  • Supply blocks, unpowered buildings, or Contaminate may cause inaccurate times.
  • Supply counts are checked every 10 seconds.